 Dungeon Crawl Stone Soup version 0.28-a0-124-g73ec313a74 (webtiles) character file.

Game seed: 18298671528450588635

235 voltaire321 the Chiller (level 5, -1/30 HPs)
             Began as a Deep Elf Ice Elementalist on Aug 14, 2021.
             Killed from afar by Sigmund (4 damage)
             ... with a magic dart
             ... on level 3 of the Dungeon.
             The game lasted 00:10:27 (3464 turns).

voltaire321 the Chiller (Deep Elf Ice Elementalist) Turns: 3464, Time: 00:10:28

Health: -1/30      AC:  9    Str:  5    XL:     5   Next: 76%
Magic:  9/14       EV: 13    Int: 21    God:
Gold:   197        SH:  0    Dex: 15    Spells: 6/13 levels left

rFire   . . .      SeeInvis .   k - +0 dagger (drain)
rCold   + . .      Faith    .   (no shield)
rNeg    . . .      Spirit   .   a - +0 robe
rPois   .          Reflect  .   (no helmet)
rElec   .          Harm     .   (no cloak)
rCorr   .          Rampage  .   (no gloves)
Will    .....                   (no boots)
Stlth   +.........              (no amulet)
HPRegen 0.10/turn               c - ring of protection from cold
MPRegen 0.14/turn               (no ring)

@: confused, ice-armoured, flying
A: no striking features
a: no special abilities


You were on level 3 of the Dungeon.
You visited 1 branch of the dungeon, and saw 3 of its levels.

You collected 225 gold pieces.
You spent 28 gold pieces at shops.

Inventory:

Hand Weapons
 b - a +0 whip
 k - a +0 dagger of draining (weapon)
Missiles
 g - 2 throwing nets
Armour
 a - a +0 robe (worn)
Jewellery
 c - a ring of protection from cold (left hand)
Scrolls
 f - 2 scrolls of blinking {unknown}
 h - 2 scrolls of identify
 i - a scroll of amnesia {unknown}
 j - 2 scrolls of silence {unknown}
Potions
 d - a potion of flight
 e - a potion of attraction {unknown}


   Skills:
 + Level 2.1 Fighting
 + Level 4.1 Dodging
 - Level 2.4 Stealth
 + Level 4.8 Spellcasting
 + Level 5.4 Ice Magic


You had 6 spell levels left.
You knew the following spells:

 Your Spells              Type           Power      Damage    Failure   Level
a - Freeze                Ice            100%       1d11      1%          1
b - Frozen Ramparts       Ice            54%        1d7       3%          3
c - Ozocubu's Armour      Ice            27%        N/A       3%          3

Your spell library contained the following spells:

 Spells                   Type           Power      Damage    Failure   Level
 Hailstorm                Conj/Ice       16%        3d6       34%         4


Dungeon Overview and Level Annotations

Branches:
Dungeon (3/15)

Altars:
Ashenzari

Shops:
D:2 =   D:3 *[:

Annotations:
D:3 Sigmund


Message History

Aiming: Freeze (safe; 1% risk of failure)
Press: ? - help, Shift-Dir - straight line, f - jackal
Aim: a jackal You freeze the jackal!
You kill the jackal!
Sigmund the Dreaded comes into view.
He is wielding a +0 vorpal scythe.
Casting: Freeze (safe; 1% risk of failure)
Confirm with . or Enter, or press ? or * to list all spells.
Casting: Frozen Ramparts (dangerous; 3% risk of failure)
Press: ? - help, Dir - look around, f - activate The walls around you are covered in ice.
The wall freezes Sigmund!
Casting: Frozen Ramparts (dangerous; 3% risk of failure)
Confirm with . or Enter, or press ? or * to list all spells.
A film of ice covers your body!
The wall freezes Sigmund.
Sigmund closely misses you.
You sense an unholy aura.
k - a +0 dagger of draining (weapon)
The wall freezes Sigmund.
Sigmund hits you but does no damage.
The wall freezes Sigmund.
Sigmund closely misses you.
The wall freezes Sigmund.
Sigmund hits you from afar with a +0 vorpal scythe!
The wall freezes Sigmund.
Sigmund points at you and mumbles some strange words.
You are confused.
The wall freezes Sigmund.
Sigmund hits you from afar with a +0 vorpal scythe.
The frozen ramparts melt away.
Sigmund gestures at you while chanting. The puff of flame hits you!
* * * LOW HITPOINT WARNING * * *
The heat melts your icy armour.
Your icy armour will break if you move.
Continue?
Okay, then.
It was a potion of flight.
You feel very buoyant.
You fly up into the air.
Sigmund casts a spell at you. The magic dart hits you.
You die...

.##.PP†≈....# ≈≈P≈≈
♣♣♣≈≈≈♣≈# ##.≈≈≈P≈P.###
≈≈≈ ♣≈♣♣#####
#PP≈♣♣≈≈P.# #.# #.# #.
.P≈♣♣♣♣♣.## ####.# ##.#
#. P≈.♣ ≈.# .....###..##
#. ..≈♣♣ ≈P#
###........# #. .≈P≈♣
≈.# #........#.#####.
..≈≈♣
≈.##.###.#....#†........
##.P≈≈≈≈
.....@.@.#..#.###.######
##P..≈#
####.#####.##.....#
##### #.......########
#########


You could see Sigmund.

Vanquished Creatures
  A scorpion (D:3)
  An orc wizard (D:3)
  2 adders (D:2)
  5 gnolls
  2 worms (D:3)
  3 dart slugs
  3 orcs (D:3)
  4 ball pythons
  6 endoplasms
  A giant cockroach (D:2)
  3 hobgoblins
  7 jackals
  4 quokkas
  3 bats
  2 frilled lizards
  3 goblins
  5 kobolds
  22 rats
77 creatures vanquished.

Vanquished Creatures (others)
  41 plants (D:3)
41 creatures vanquished.

Grand Total: 118 creatures vanquished

Notes
Turn   | Place    | Note
-------+----------+-------------------------------------------
     0 | D:1      | voltaire321 the Deep Elf Ice Elementalist began the quest
                  | for the Orb.
     0 | D:1      | Reached XP level 1. HP: 10/10 MP: 6/6
   278 | D:1      | Reached XP level 2. HP: 9/16 MP: 4/8
  1082 | D:1      | Reached XP level 3. HP: 20/20 MP: 8/10
  1234 | D:1      | Learned a level 3 spell: Frozen Ramparts
  1238 | D:1      | Learned a level 3 spell: Ozocubu's Armour
  1326 | D:2      | Reached skill level 1 in Fighting
  1675 | D:2      | Found Yliuf's Jewellery Shoppe.
  1785 | D:2      | Reached XP level 4. HP: 21/25 MP: 1/11
  1890 | D:2      | Reached skill level 5 in Ice Magic
  2437 | D:2      | Found a faded altar of an unknown god.
  2496 | D:3      | Found a broken altar of Ashenzari.
  2521 | D:3      | Noticed a scorpion
  2532 | D:3      | Killed a scorpion
  2533 | D:3      | Reached XP level 5. HP: 27/30 MP: 6/13
  2590 | D:3      | Found Vec Otoo's Book Shoppe.
  3151 | D:3      | Found Niziziarph's General Store.
  3169 | D:3      | Bought a scroll of identify for 28 gold pieces
  3242 | D:3      | Found Jigipsow's Armour Boutique.
  3454 | D:3      | Noticed Sigmund
  3464 | D:3      | Killed from afar by Sigmund

Illustrated notes

Levels and vault maps discovered:
D:1:      dpeg_arrival_round_c, layout_loops_ring, minmay_misc_feat_square
D:2:      layout_basic, serial_shops, nicolae_lakefront_shop,
          dreamdust_ecumenical_altar_sealed_demon
D:3:      minmay_chambers_of_threes, layout_loops_corners,
          nicolae_ashenzari_skybound, serial_bayou, serial_bayou_pond_e,
          serial_bayou_shore_b, serial_bayou_pond_a, serial_bayou_lagoon_a,
          serial_bayou_lake_a, serial_bayou_pond_c, serial_shops, shop, shop,
          shop, minmay_rat_hole, uniq_sigmund, uniq_crazy_yiuf_cottage

Skill      XL: |  1  2  3  4  5 |
---------------+----------------+-----
Dodging        | 3 4 |  4.1
Fighting       | 1 2 |  2.1
Spellcasting   | 4 |  4.8
Ice Magic      | 5 |  5.4
Stealth        | |  2.4

Action                   |  1- 3 |  4- 6 || total
-------------------------+-------+-------++-------
Melee: Whip              |     1 |    16 ||    17
 Cast: Freeze            |    58 |    20 ||    78
       Frozen Ramparts   |     1 |    10 ||    11
       Ozocubu's Armour  |     1 |     6 ||     7
  Use: Potion            |       |     1 ||     1
 Stab: Sleeping          |       |     2 ||     2
Armor: Robe              |     7 |     4 ||    11
Dodge: Dodged            |    27 |    25 ||    52

Table legend: (Time is in decaauts)
 A = Elapsed time spent in this place.
 B = Non-inter-level travel time spent in this place.
 C = Inter-level travel time spent in this place.
 D = Time resting spent in this place.
 E = Time spent auto-exploring this place.
 F = Levels seen in this place.
 G = Mean time per level.
                   A        B        C        D        E       F      G
               +--------+--------+--------+--------+--------+-----+--------+
         Total |   3496 |   3422 |     74 |    772 |   2021 |   3 | 1165.3 |
       Dungeon |   3496 |   3422 |     74 |    772 |   2021 |   3 | 1165.3 |
               +--------+--------+--------+--------+--------+-----+--------+

Top non-repeatable levels by time:
     D:1: 1289 daAuts
     D:2: 1198 daAuts
     D:3: 1008 daAuts
